 Dungeon Crawl Stone Soup version 0.30-a0-1082-g70414cbcbb (webtiles) character file.

Game seed: 13248923746164012053

161 voltaire321 the Sneak (level 5, -2/32 HPs)
             Began as a Kobold Brigand on Apr 15, 2023.
             Killed by divine providence
             ... invoked by an orc priest
              (14 damage)
             ... on level 4 of the Dungeon.
             The game lasted 00:04:55 (2479 turns).

voltaire321 the Sneak (Kobold Brigand)              Turns: 2479, Time: 00:04:56

Health: -2/32      AC:  6    Str:  8    XL:     5   Next: 70%
Magic:  5/5        EV: 14    Int: 13    God:
Gold:   146        SH:  0    Dex: 18    Spells: 4/4 levels left

rFire   + + .      SeeInvis .    y - +3 dagger (flame)
rCold   . . .      Faith    .    (no shield)
rNeg    . . .      Spirit   .    m - +2 leather armour of the First Snow {rF+}
rPois   .          Reflect  .    (no helmet)
rElec   .          Rampage  .    c - +0 cloak
rCorr   .                        (no gloves)
Will    .....                    (no boots)
Stlth   ++++                     (no amulet)
HPRegen 0.25/turn                l - ring of protection from fire
MPRegen 0.09/turn                (no ring)

@: no status effects
A: small, no large weapons, nightstalker 3
a: no special abilities


You were on level 4 of the Dungeon.
You visited 1 branch of the dungeon, and saw 4 of its levels.

You collected 146 gold pieces.

Inventory:

Hand Weapons
 a - a +2 dagger
 s - a +0 rapier
 y - a +3 dagger of flaming (weapon)
Missiles
 d - 17 poisoned darts (quivered)
 e - 3 curare-tipped darts
Armour
 c - a +0 cloak (worn)
 m - the +2 leather armour of the First Snow (worn) {rF+}
   (You found it on level 2 of the Dungeon)

   rF:        It protects you from fire.
Jewellery
 l - a ring of protection from fire (left hand)
 o - an amulet of guardian spirit
 r - a ring of positive energy
Wands
 t - a wand of flame (10)
 w - a wand of charming (12)
Scrolls
 b - a scroll of poison {unknown}
 h - a scroll of summoning {unknown}
 j - 3 scrolls of immolation {unknown}
 k - 2 scrolls of torment {unknown}
 q - 2 scrolls of identify {unknown}
Potions
 f - 2 potions of resistance {unknown}
 g - 2 potions of heal wounds {unknown}
 i - a potion of attraction {unknown}
 n - 3 potions of curing {unknown}
 p - 4 potions of flight {unknown}
 u - a potion of lignification {unknown}
 v - a potion of brilliance {unknown}
 x - a potion of degeneration {unknown}


   Skills:
 + Level 3.1 Fighting
 + Level 3.5 Short Blades
 + Level 3.1 Throwing
 + Level 1.3 Armour
 + Level 2.5 Dodging
 * Level 6.3 Stealth


You had 4 spell levels left.
You didn't know any spells.
Your spell library contained the following spells:

 Spells                   Type           Power      Damage    Failure   Level
 Gell's Gravitas          Tloc           0%         N/A       78%         3
 Teleport Other           Tloc           0%         N/A       78%         3
 Vhi's Electric Charge    Tloc/Air       0%         N/A       78%         3
 Arcjolt                  Conj/Air       0%         1d10      100%        5
 Dispersal                Tloc           0%         N/A       100%        6
 Maxwell's Capacitive Co  Air            0%         ∞         100%        8


Dungeon Overview and Level Annotations

Branches:
Dungeon (4/15)
 Temple: D:4-7

Altars:

Shops:
D:2 [


Innate Abilities, Weirdness & Mutations

You are small and have problems with some larger weapons.
You are completely attuned to the shadows.


Message History

An orc comes into view. It is wielding a +0 flail.
Found a metallic coppery potion.
The orc shouts!
You hear a shout! x2
An orc priest comes into view.
It is wielding a +1 flail of protection.
An orc priest comes into view. It is wielding a +0 dagger.
You hit the orc but do no damage. The orc misses you.
You hit the orc but do no damage. You hit the orc priest.
You burn the orc priest.
The orc priest is lightly wounded.
An orc wizard comes into view. It is wielding a +0 dagger.
The orc priest miscasts a cantrip.
The orc closely misses you.
You hit the orc priest. You burn the orc priest.
The orc priest is heavily wounded.
The orc completely misses you.
The orc priest hits you with a +1 flail of protection!
You barely miss the orc priest.
The orc priest is moderately wounded.
You hit the orc priest. You burn the orc priest.
The orc priest is heavily wounded.
The orc closely misses you.
You hit the orc wizard but do no damage.
The orc barely misses you.
The orc priest mumbles some strange prayers to Beogh against you.
Beogh smites you!
You hit the orc wizard. You burn the orc wizard.
The orc wizard is moderately wounded.
The orc misses you.
The orc wizard points at you and mumbles some strange words.
You resist with some effort.
The orc wizard attacks as you move away!
The orc wizard hits you with a +0 dagger.
The orc wizard attacks as you move away!
The orc wizard hits you but does no damage.
The orc attacks as you move away! The orc hits you with a +0 flail.
The orc wizard attacks as you move away!
The orc wizard hits you but does no damage.
The orc priest calls down the wrath of Beogh upon you.
Beogh smites you!
You die...

#.....##.......
#...[†####....#
#.#..#.##....##
###............
#...........
#.....#....##
......##..##
...##..##.# #
## #...@.##
.###
####oo.##...!
#...o....#
#..##.....#.
#.. ##o..$..
..# #..##...
#o... ## oo...#
..##


You could see 2 orc priests, an orc wizard and an orc.

Vanquished Creatures
  The ghost of tgirl the Vexing, a weakling KoHs (D:3)
  Ijyb (D:4)
  2 adders (D:3)
  3 dart slugs
  A worm (D:3)
  2 orcs (D:3)
  5 endoplasms
  3 giant cockroaches
  9 goblins
  8 hobgoblins
  3 jackals (D:1)
  A quokka (D:1)
  7 ball pythons
  6 bats
  7 frilled lizards
  4 kobolds
  7 rats
70 creatures vanquished.

Notes
Turn   | Place    | Note
-------+----------+-------------------------------------------
     0 | D:1      | voltaire321 the Kobold Brigand began the quest for the Orb.
     0 | D:1      | Reached XP level 1. HP: 12/12 MP: 1/1
   128 | D:1      | Reached XP level 2. HP: 17/17 MP: 2/2
   596 | D:1      | Reached XP level 3. HP: 22/22 MP: 3/3
   947 | D:2      | Identified the +2 leather armour of the First Snow {rF+}
  1182 | D:2      | Reached XP level 4. HP: 27/27 MP: 4/4
  1212 | D:2      | Found Guiralisk's Armour Shop.
  1693 | D:3      | Reached skill level 1 in Armour
  2263 | D:3      | Reached skill level 6 in Stealth
  2263 | D:3      | Reached XP level 5. HP: 32/32 MP: 5/5
  2332 | D:3      | Found a runed translucent door.
  2333 | D:3      | Noticed tgirl's ghost (weakling KoHs)
  2338 | D:3      | Killed tgirl's ghost
  2395 | D:4      | Noticed Ijyb
  2399 | D:4      | Killed Ijyb
  2479 | D:4      | Killed from afar by an orc priest

Illustrated notes

Levels and vault maps discovered:
D:1:      dpeg_arrival_pits, layout_basic, hangedman_abyss_or_decor_stabs
D:2:      layout_loops_cross, serial_shops, nicolae_shop_rolling_square
D:3:      layout_basic, gammafunk_ghost_grave
D:4:      layout_cave_pools, mainiacjoe_overflow_brackets, minmay_mini_ossuary,
          uniq_ijyb

Skill      XL: |  1  2  3  4  5 |
---------------+----------------+-----
Short Blades   | 3 |  3.5
Dodging        | 2 |  2.5
Armour         | 1 |  1.3
Throwing       | 3 |  3.1
Stealth        | 6 |  6.3
Fighting       | 3 |  3.1

Action                     |  1- 3 |  4- 6 || total
---------------------------+-------+-------++-------
  Melee: Dagger            |    51 |    47 ||    98
   Stab: Sleeping          |    33 |    18 ||    51
         Distracted        |       |     1 ||     1
 Armour: Robe              |     7 |       ||     7
         Leather armour    |       |     6 ||     6
  Dodge: Dodged            |    13 |    16 ||    29

Table legend: (Time is in decaauts)
 A = Elapsed time spent in this place.
 B = Non-inter-level travel time spent in this place.
 C = Inter-level travel time spent in this place.
 D = Time resting spent in this place.
 E = Time spent auto-exploring this place.
 F = Levels seen in this place.
 G = Mean time per level.
                   A        B        C        D        E       F      G
               +--------+--------+--------+--------+--------+-----+--------+
         Total |   2462 |   2382 |     80 |      0 |   1903 |   4 |  615.5 |
       Dungeon |   2462 |   2382 |     80 |      0 |   1903 |   4 |  615.5 |
               +--------+--------+--------+--------+--------+-----+--------+

Top non-repeatable levels by time:
     D:1: 909 daAuts
     D:3: 768 daAuts
     D:2: 690 daAuts
     D:4: 94 daAuts
